[Event "TIPC 2006"]
[Site "Charleroi BEL"]
[Date "2006.07.30"]
[Round "2"]
[White "Pitropakis, Kyriakos"]
[Black "Van Mechelen, Jan"]
[Result "0-1"]
[ECO "A00"]
[WhiteElo "1587"]
[BlackElo "2251"]
[PlyCount "86"]
[TimeControl "40/7200:3600"]

1. b4 f5 2. c4 Nf6 3. Bb2 e6 4. b5 a6 5. a4 d6 6. e3 g6
7. Be2 Bg7 8. h4 Qe7 9. Nc3 h6 10. g3 O-O 11. d4 axb5 12. axb5 Rxa1 13. Qxa1
Nbd7 14. Nh3 Qf7 15. f4 Nh5 16. Bxh5 gxh5 17. O-O Qg6 18. Kh2 Kh7 19. Nf2 Rg8
20. Ne2 Bf6 21. Rg1 Nb6 22. Qc1 Bd7 23. c5 Nd5 24. c6 bxc6 25. bxc6 Bc8 26. Qd2
Ba6 27. Nc3 Nxc3 28. Bxc3 Bxh4 29. Nh1 Bc4 30. Qc2 Bd5 31. Be1 Bf6 32. Qb2 Rg7
33. Nf2 Bxc6 34. Qb8 Bh4 35. Nh3 Qg4 36. Bf2 Qf3 37. Qc8 Bd5 38. Qf8 Bxg3+ 39.
Bxg3 h4 40. Qxg7+ Kxg7 41. Bxh4+ Kf7 42. Bf2 Be4 43. Bh4 Qxe3 0-1

[Event "TIPC 2006"]
[Site "Charleroi BEL"]
[Date "2006.07.30"]
[Round "2"]
[White "Guyon, Cindy"]
[Black "Heudt, Vincent"]
[Result "0-1"]
[ECO "E70"]
[WhiteElo "1835"]
[BlackElo "1531"]
[PlyCount "92"]
[TimeControl "40/7200:3600"]

1. d4 g6 2. c4 Bg7 3. Nc3 Nf6 4. e4 d6 5. Bg5 Nbd7 6.
Qd2 O-O 7. f3 c5 8. Nge2 Nb6 9. b3 cxd4 10. Nxd4 Re8 11. Be2 a6 12. h4 Nh5 13.
O-O-O Nd7 14. g4 Ng3 15. Rh2 Nxe2+ 16. Ncxe2 b5 17. Nc6 Qc7 18. Nxe7+ Rxe7 19.
Bxe7 d5 20. Rf2 Qe5 21. Qc2 Qxe7 22. Nd4 dxc4 23. h5 cxb3 24. axb3 Bb7 25. Kb1
Nc5 26. Qa2 Rd8 27. Rfd2 Nxe4 28. fxe4 Qxe4+ 29. Qc2 Rxd4 30. Rxd4 Bxd4 31.
Qxe4 Bxe4+ 32. Ka2 Bf6 33. Rd6 Bc3 34. Rxa6 b4 35. hxg6 hxg6 36. Rd6 Kf8 37. g5
Ke7 38. Ra6 Bd2 39. Rb6 Bxg5 40. Rxb4 f5 41. Rd4 Be3 42. Rd1 f4 43. b4 g5 44.
b5 g4 45. Re1 g3 46. b6 g2 0-1

[Event "TIPC 2006"]
[Site "Charleroi BEL"]
[Date "2006.07.30"]
[Round "2"]
[White "Geerinckx, Bernard"]
[Black "Moga, Christoph"]
[Result "0-1"]
[ECO "C83"]
[WhiteElo "1525"]
[BlackElo "1784"]
[PlyCount "74"]
[TimeControl "40/7200:3600"]

1. e4 e5 2. Nf3 Nc6 3. Bb5 a6 4. Ba4 Nf6 5. O-O b5 6. Bb3
Nxe4 7. d4 d5 8. dxe5 Be6 9. Nbd2 Nc5 10. c3 Be7 11. Bc2 Bg4 12. h3 Bh5 13. Re1
O-O 14. Nf1 Re8 15. b4 Ne6 16. Ng3 Bg6 17. Bb3 d4 18. Bxe6 fxe6 19. Nxd4 Nxd4
20. Qxd4 Qxd4 21. cxd4 Bxb4 22. Re3 c5 23. Bb2 Rad8 24. a3 cxd4 25. Bxd4 Bd2
26. Bb6 Bxe3 27. Bxd8 Bd4 28. Rd1 Rxd8 29. Ne2 Bb6 30. Rc1 Be4 31. Kf1 Bb7 32.
f3 Rd5 33. f4 Rd3 34. a4 Bd5 35. Nc3 Bc4 36. Ke1 Ba5 37. axb5 axb5 0-1

[Event "TIPC 2006"]
[Site "Charleroi BEL"]
[Date "2006.07.30"]
[Round "2"]
[White "Dutang, Emilien"]
[Black "Chung Choong Lon, Marc"]
[Result "1-0"]
[ECO "C01"]
[WhiteElo "1499"]
[BlackElo "1775"]
[PlyCount "78"]
[TimeControl "40/7200:3600"]

1. e4 e6 2. d4 d5 3. exd5 exd5 4. Nf3 Bd6 5. c4 c6 6. Nc3 Ne7 7. Qb3 Bc7 8.
cxd5 O-O 9. dxc6 Nbxc6 10. Be3 Bf5 11. Rd1 Na5 12. Qa4 a6 13. b4 Rc8 14. Bd3
Bxd3 15. Rxd3 b5 16. Qd1 Nc4 17. Bc1 Ng6 18. Ne2 Qd6 19. O-O Rfe8 20. a3 Qe6
21. Re1 Qg4 22. h3 Qd7 23. d5 Nge5 24. Nxe5 Nxe5 25. Re3 Bb6 26. Re4 f6 27. Nf4
Rcd8 28. Qb3 Kh8 29. Be3 Bxe3 30. Qxe3 Qb7 31. Nd3 Rxd5 32. Nc5 Qc6 33. f4 g5
34. fxe5 f5 35. Rd4 Rdxe5 36. Qxe5+ Rxe5 37. Rxe5 g4 38. Rd7 Qc8 39. Ree7 gxh3
1-0

[Event "TIPC 2006"]
[Site "Charleroi BEL"]
[Date "2006.07.31"]
[Round "3"]
[White "Leitao, Rafael"]
[Black "Wantiez, Fabrice"]
[Result "1-0"]
[ECO "D80"]
[WhiteElo "2598"]
[BlackElo "2265"]
[PlyCount "77"]
[TimeControl "40/7200:3600"]

1. d4 Nf6 2. c4 g6 3. Nc3 d5 4. Bg5 Ne4 5. Bh4 Nxc3
6. bxc3 dxc4 7. e3 Qd5 8. Be2 Bg7 9. Nf3 Nd7 10. a4 a5 11. O-O Nb6 12. Nd2 Qc6
13. Qc2 e5 14. Bf3 Qe6 15. Ne4 O-O 16. Nc5 Qe8 17. Bxb7 Bxb7 18. Nxb7 Qc6 19.
Nc5 Rfe8 20. Rab1 Nc8 21. Bg3 Nd6 22. Rfd1 h5 23. Qb2 Ra7 24. Bxe5 Bxe5 25.
dxe5 Rxe5 26. Qb8+ Kg7 27. Nd7 Qxd7 28. Qxa7 Qf5 29. Qd4 f6 30. Rb2 h4 31. Qxh4
Re4 32. Qh3 Qxh3 33. gxh3 Re5 34. Rbd2 Ne4 35. Rd7+ Kh6 36. Rxc7 Rg5+ 37. Kf1
Rf5 38. f4 Nxc3 39. Rdd7 1-0

[Event "TIPC 2006"]
[Site "Charleroi BEL"]
[Date "2006.07.31"]
[Round "3"]
[White "Mohandesi, Shahin"]
[Black "Gharamian, Tigran"]
[Result "0-1"]
[ECO "B14"]
[WhiteElo "2253"]
[BlackElo "2460"]
[PlyCount "130"]
[TimeControl "40/7200:3600"]

1. d4 Nf6 2. c4 e6 3. Nc3 Bb4 4. Nf3 c5 5. e3 cxd4
6. exd4 d5 7. cxd5 Nxd5 8. Bd2 Nc6 9. Bd3 O-O 10. O-O Nf6 11. Bg5 h6 12. Bh4
Be7 13. a3 Nh5 14. Bxe7 Nxe7 15. Qd2 Bd7 16. Rad1 Bc6 17. Ne5 Qd6 18. Rfe1 Rfd8
19. Bb1 Nd5 20. Ne4 Qe7 21. Nxc6 bxc6 22. Qc2 Rdc8 23. g3 Nhf6 24. Nc5 a5 25.
Qe2 Rab8 26. Rd2 Rd8 27. Qd3 Rd6 28. Ree2 Qa7 29. Qc2 Rbd8 30. Re1 Nc7 31. Qa4
Nb5 32. Nb3 Nxd4 33. Nxd4 Rxd4 34. Rxd4 Rxd4 35. Qxc6 g5 36. Qf3 Kg7 37. Rd1
Qb6 38. Rxd4 Qxd4 39. Qe2 h5 40. Bd3 Ng4 41. Bb5 h4 42. Qc2 Ne5 43. Bf1 Nf3+
44. Kh1 Nd2 45. Kg1 Nf3+ 46. Kh1 g4 47. Bg2 Nd2 48. Kg1 h3 49. Bc6 Nc4 50. Qc3
Qxc3 51. bxc3 Nxa3 52. f3 Nb1 53. c4 Nc3 54. Kf2 a4 55. Bxa4 Nxa4 56. Ke3 gxf3
57. Kxf3 Nb6 58. c5 Nd7 59. Kg4 Nxc5 60. Kxh3 Kg6 61. Kg4 f5+ 62. Kf4 Nd3+ 63.
Ke3 Ne5 64. Kf4 Ng4 65. h3 Nf2 0-1

[Event "TIPC 2006"]
[Site "Charleroi BEL"]
[Date "2006.07.31"]
[Round "3"]
[White "Plachetka, Jan"]
[Black "Schuermans, Robert"]
[Result "1/2-1/2"]
[ECO "C63"]
[WhiteElo "2427"]
[BlackElo "2251"]
[PlyCount "138"]
[TimeControl "40/7200:3600"]

1. e4 e5 2. Nf3 Nc6 3. Bb5 f5 4. Nc3 fxe4 5. Nxe4 d5
6. Ng3 Bg4 7. h3 Bxf3 8. Qxf3 Nf6 9. Nh5 Qd6 10. Nxf6+ gxf6 11. Qh5+ Kd7 12. c3
Rd8 13. O-O Kc8 14. d4 Bg7 15. Be3 Kb8 16. Rad1 Ne7 17. f4 Qb6 18. fxe5 fxe5
19. Rf7 exd4 20. cxd4 Qxb5 21. Rxg7 Nc6 22. Bf4 Ka8 23. Bxc7 Rc8 24. Rd2 Rxc7
25. Rxc7 Qa5 26. Rxc6 Qxd2 27. Rc3 Qxd4+ 28. Kh1 Qe4 29. Qf3 Qb1+ 30. Kh2 Qxb2
31. a4 Qb4 32. Rc7 a6 33. Rd7 Qxa4 34. Qxd5 Qf4+ 35. Kg1 Qe3+ 36. Kh1 Qb6 37.
Kh2 h5 38. Rd6 Qc7 39. Kh1 Qc1+ 40. Kh2 Qf4+ 41. Kh1 Qf1+ 42. Kh2 Rc8 43. Qd4
Qc4 44. Qe5 Rg8 45. Re6 h4 46. Re8+ Rxe8 47. Qxe8+ Ka7 48. Qe3+ Kb8 49. Qe8+
Qc8 50. Qe4 Qc7+ 51. Kg1 Qg3 52. Kf1 Qg5 53. Ke2 Qf6 54. Qd5 Kc7 55. Qc5+ Kd8
56. Qd5+ Ke8 57. g4 hxg3 58. Qg8+ Ke7 59. Qxg3 Qb2+ 60. Kd1 Qd4+ 61. Kc2 Qe4+
62. Kb2 Kf6 63. Qg8 Qe5+ 64. Kb1 Qb5+ 65. Kc2 a5 66. h4 Qc5+ 67. Kb2 a4 68. h5
Qb4+ 69. Ka2 Qb3+ 1/2-1/2

[Event "TIPC 2006"]
[Site "Charleroi BEL"]
[Date "2006.07.31"]
[Round "3"]
[White "Bolzoni, Victor-Angel"]
[Black "Eliet, Nicolas"]
[Result "0-1"]
[ECO "B27"]
[WhiteElo "2170"]
[BlackElo "2427"]
[PlyCount "54"]
[TimeControl "40/7200:3600"]

1. e4 c5 2. Nf3 b6 3. d4 cxd4 4. Nxd4 Bb7 5. Nc3 a6
6. Bf4 d6 7. e5 dxe5 8. Bxe5 Nd7 9. Qe2 Nxe5 10. Qxe5 Nf6 11. O-O-O Nd7 12. Qe3
e6 13. Bc4 Bc5 14. Ne4 Qe7 15. Nxc5 Nxc5 16. f3 O-O 17. Nf5 Qf6 18. Nd6 Bc6 19.
Rhe1 Ra7 20. Rd4 Rd7 21. Red1 Rfd8 22. R4d2 Kf8 23. Be2 Qh4 24. g3 Qa4 25. a3
Bd5 26. Ne4 Bxe4 27. Rxd7 Qxc2# 0-1

[Event "TIPC 2006"]
[Site "Charleroi BEL"]
[Date "2006.07.31"]
[Round "3"]
[White "Hanley, Craig"]
[Black "Van Uytven, Eric"]
[Result "1-0"]
[ECO "B49"]
[WhiteElo "2419"]
[BlackElo "2167"]
[PlyCount "113"]
[TimeControl "40/7200:3600"]

1. e4 c5 2. Nf3 e6 3. d4 cxd4 4. Nxd4 Nc6 5. Nc3 Qc7
6. Be2 a6 7. O-O Nf6 8. Be3 Bb4 9. Na4 Be7 10. Nxc6 bxc6 11. Nb6 Rb8 12. Nxc8
Qxc8 13. Bd4 c5 14. Be5 Rb6 15. a4 O-O 16. a5 Rc6 17. Bf3 Rd8 18. Qc1 c4 19.
Rd1 d6 20. Bc3 Rc5 21. Bb4 Rb5 22. c3 Ne8 23. Be2 Rb7 24. b3 d5 25. exd5 exd5
26. bxc4 dxc4 27. Rxd8 Bxd8 28. Qf4 Bf6 29. Re1 Nc7 30. Bxc4 Ne6 31. Qe4 Rc7
32. Bxe6 fxe6 33. Qxe6+ Qxe6 34. Rxe6 Bxc3 35. Bxc3 Rxc3 36. g3 Ra3 37. Rxa6 h5
38. Kg2 Kh7 39. h4 Kg8 40. Ra8+ Kh7 41. a6 Kg6 42. a7 Kh7 43. g4 hxg4 44. h5
Ra1 45. Kg3 Ra4 46. Kh4 Ra1 47. Kxg4 Ra6 48. Kf5 Rf6+ 49. Ke5 Ra6 50. f4 Ra1
51. f5 Ra2 52. h6 Ra5+ 53. Ke4 Ra4+ 54. Kd5 Ra5+ 55. Ke6 Ra6+ 56. Ke7 Rxh6 57.
Rd8 1-0

[Event "TIPC 2006"]
[Site "Charleroi BEL"]
[Date "2006.07.31"]
[Round "3"]
[White "Demanghon, Jonathan"]
[Black "Perez Garcia, Rodney"]
[Result "0-1"]
[ECO "D11"]
[WhiteElo "2160"]
[BlackElo "2406"]
[PlyCount "84"]
[TimeControl "40/7200:3600"]

1. d4 d5 2. c4 c6 3. Nf3 dxc4 4. e3 Be6 5. a4 Nf6 6.
Na3 c5 7. Nxc4 Nc6 8. Be2 Bd5 9. O-O e6 10. b3 Be7 11. Bb2 O-O 12. Rc1 Rc8 13.
Bd3 Rc7 14. Qe2 Bxf3 15. Qxf3 cxd4 16. exd4 Nxd4 17. Bxd4 Qxd4 18. Rfd1 Qg4 19.
Qxg4 Nxg4 20. h3 Nf6 21. Ne5 Rfc8 22. Rxc7 Rxc7 23. Bc4 g5 24. Rd4 Kg7 25. Kf1
Bc5 26. Rd1 Ne4 27. Rd7 Rxd7 28. Nxd7 Bd4 29. Ke2 Nxf2 30. Ne5 Nxh3 31. Nd3
Nf4+ 32. Nxf4 gxf4 33. Kf3 Be5 34. Ke4 Bd6 35. Kf3 h5 36. Kf2 e5 37. Bd3 Kh6
38. Kf3 Kg5 39. Ke4 f5+ 40. Kd5 e4 41. Be2 Bf8 42. Ke6 h4 0-1

[Event "TIPC 2006"]
[Site "Charleroi BEL"]
[Date "2006.07.31"]
[Round "3"]
[White "Laurent, Bruno"]
[Black "Hanley, James L."]
[Result "1/2-1/2"]
[ECO "B52"]
[WhiteElo "2404"]
[BlackElo "2155"]
[PlyCount "47"]
[TimeControl "40/7200:3600"]

1. e4 c5 2. Nf3 d6 3. Bb5+ Bd7 4. Bxd7+ Qxd7 5. O-O
Nf6 6. Re1 Nc6 7. c3 e6 8. d4 cxd4 9. cxd4 d5 10. e5 Ne4 11. Nbd2 Nxd2 12. Bxd2
Be7 13. Rc1 O-O 14. Rc3 Rfc8 15. a3 b5 16. Rd3 Qd8 17. h4 Bxh4 18. g4 Be7 19.
Kg2 b4 20. Rh1 Nb8 21. Qg1 Nd7 22. Qh2 Nf8 23. Ne1 Qb6 24. f4 1/2-1/2

[Event "TIPC 2006"]
[Site "Charleroi BEL"]
[Date "2006.07.31"]
[Round "3"]
[White "Hovhanisian, Mher"]
[Black "Russo, Julien"]
[Result "1-0"]
[ECO "D30"]
[WhiteElo "2359"]
[BlackElo "2145"]
[PlyCount "51"]
[TimeControl "40/7200:3600"]

1. d4 d5 2. c4 c6 3. Nf3 Nf6 4. e3 e6 5. Bd3 Nbd7 6.
O-O Bd6 7. Nbd2 O-O 8. e4 e5 9. cxd5 cxd5 10. exd5 exd4 11. Ne4 Ne5 12. Bg5
Nxd3 13. Bxf6 gxf6 14. Qxd3 Bf5 15. Qxd4 Bxe4 16. Qxe4 Qd7 17. Nd4 Rfe8 18. Qf5
Qxf5 19. Nxf5 Be5 20. f4 Bxb2 21. Rab1 Ba3 22. Rxb7 Re2 23. h4 Rc8 24. Rf3 Bc5+
25. Kh2 Bf2 26. Rxf2 1-0

[Event "TIPC 2006"]
[Site "Charleroi BEL"]
[Date "2006.07.31"]
[Round "3"]
[White "Guezennec, Franck"]
[Black "Terrieux, Kevin"]
[Result "0-1"]
[ECO "C13"]
[WhiteElo "2152"]
[BlackElo "2343"]
[PlyCount "152"]
[TimeControl "40/7200:3600"]

1. e4 e6 2. d4 d5 3. Nc3 Nf6 4. Bg5 Be7 5. e5 Nfd7
6. h4 a6 7. Qg4 Bxg5 8. hxg5 g6 9. O-O-O c5 10. dxc5 Qe7 11. Nf3 Nc6 12. Kb1
Qxc5 13. Qg3 b5 14. Rh4 b4 15. Na4 Qa5 16. b3 Nc5 17. Nxc5 Qxc5 18. Qf4 a5 19.
Qf6 Rf8 20. Rxh7 a4 21. Bd3 Ne7 22. Nd4 Bd7 23. Qf4 a3 24. Ne2 Qc7 25. Rdh1 Nc6
26. Rh8 O-O-O 27. Rxf8 Rxf8 28. Bb5 Qxe5 29. Ba6+ Kb8 30. Rh4 Ka7 31. Qxe5 Nxe5
32. Bd3 Rb8 33. Nc1 Rb7 34. Rh7 Bc6 35. Be2 f5 36. Rh6 Be8 37. f4 Nc6 38. Rh8
Rb8 39. Bb5 Rxb5 40. Rxe8 Nd4 41. Nd3 Rb7 42. Rh8 Ne2 43. Rh3 d4 44. Rh6 Rg7
45. Rh4 Nc3+ 46. Ka1 Nd5 47. g3 Kb6 48. Ne5 Kc5 49. Rh6 Ne7 50. Nd3+ Kb5 51.
Ne5 Kc5 52. Nd3+ Kd5 53. Nxb4+ Ke4 54. Nd3 Kf3 55. Rh1 Kxg3 56. Rg1+ Kf3 57.
Nc5 Rh7 58. Nxe6 d3 59. cxd3 Nd5 60. Nd4+ Kxf4 61. Nb5 Rh2 62. Rc1 Nb4 63. Nxa3
Rxa2+ 64. Kb1 Rxa3 65. Rc4+ Kxg5 66. Rxb4 f4 67. Kc2 Ra2+ 68. Kc3 f3 69. Rb8 f2
70. Rf8 Kg4 71. d4 Kg3 72. d5 Ra1 73. Kc4 f1=Q+ 74. Rxf1 Rxf1 75. d6 Kf4 76.
Kd5 Kf5 0-1

[Event "TIPC 2006"]
[Site "Charleroi BEL"]
[Date "2006.07.31"]
[Round "3"]
[White "Coibion, Charles"]
[Black "Krasucki, Youri"]
[Result "0-1"]
[ECO "B77"]
[WhiteElo "1847"]
[BlackElo "2048"]
[PlyCount "56"]
[TimeControl "40/7200:3600"]

1. e4 c5 2. Nf3 g6 3. d4 cxd4 4. Nxd4 Nf6 5. Nc3 d6
6. Be3 Bg7 7. f3 O-O 8. Qd2 Nc6 9. Bc4 Bd7 10. h4 Rb8 11. O-O-O b5 12. Bb3 Na5
13. h5 Nc4 14. Bxc4 bxc4 15. Bh6 Bxh6 16. Qxh6 Qb6 17. hxg6 fxg6 18. b3 Rf7 19.
f4 Qa5 20. Kb2 Ng4 21. Qh3 e5 22. Nd5 exd4 23. Rxd4 Qc5 24. Rdd1 Be6 25. Qh4
Bxd5 26. Rxd5 c3+ 27. Kc1 Qa3+ 28. Kd1 Ne3+ 0-1

[Event "TIPC 2006"]
[Site "Charleroi BEL"]
[Date "2006.07.31"]
[Round "3"]
[White "Vivone, Santino"]
[Black "Burnay, Gérard"]
[Result "1-0"]
[ECO "B33"]
[WhiteElo "1995"]
[BlackElo "1780"]
[PlyCount "93"]
[TimeControl "40/7200:3600"]

1. e4 c5 2. Nf3 Nc6 3. d4 cxd4 4. Nxd4 Nf6 5. Nc3 e5
6. Ndb5 d6 7. Bg5 a6 8. Na3 b5 9. Nd5 Be7 10. Bxf6 Bxf6 11. c3 Bg5 12. Nc2 O-O
13. a4 Rb8 14. axb5 axb5 15. Bd3 Ne7 16. Ncb4 Bb7 17. Nxe7+ Qxe7 18. Qe2 f5 19.
O-O fxe4 20. Bxe4 Bf4 21. g3 Bh6 22. Ra7 Qc7 23. Nd5 Qd8 24. Qxb5 Ba8 25. Qd3
Bxd5 26. Bxd5+ Kh8 27. b4 Qb6 28. Ra6 Qc7 29. b5 Qc5 30. c4 Rb6 31. Rxb6 Qxb6
32. Kg2 g6 33. f3 Qe3 34. Qb1 Qb6 35. Qc2 Be3 36. Ra1 Rc8 37. Qd3 Qd4 38. Qxd4
Bxd4 39. Ra6 e4 40. fxe4 Rf8 41. b6 Rf2+ 42. Kh3 Rb2 43. b7 Bg1 44. Ra8+ Kg7
45. g4 h5 46. gxh5 gxh5 47. Rg8+ 1-0

[Event "TIPC 2006"]
[Site "Charleroi BEL"]
[Date "2006.07.31"]
[Round "3"]
[White "Todts, Benny"]
[Black "Bovy, Mathieu"]
[Result "1-0"]
[ECO "C44"]
[WhiteElo "1983"]
[BlackElo "1770"]
[PlyCount "29"]
[TimeControl "40/7200:3600"]

1. e4 e5 2. Nf3 Nc6 3. d4 exd4 4. Bc4 Bb4+ 5. c3
dxc3 6. bxc3 Qe7 7. cxb4 Qxb4+ 8. Nbd2 Nf6 9. O-O O-O 10. a4 Re8 11. Ba3 Qc3
12. Re1 d6 13. Re3 Qa5 14. Bb5 Bd7 15. Nc4 1-0

[Event "TIPC 2006"]
[Site "Charleroi BEL"]
[Date "2006.07.31"]
[Round "3"]
[White "Lanciers, Lorenzo"]
[Black "Russo, Bruno"]
[Result "0-1"]
[ECO "D00"]
[WhiteElo "1705"]
[BlackElo "1980"]
[PlyCount "72"]
[TimeControl "40/7200:3600"]

1. d4 Nf6 2. Nf3 g6 3. Nc3 d5 4. h3 Bg7 5. Bf4 O-O
6. e3 a6 7. a4 Nbd7 8. Be2 Re8 9. O-O e6 10. Rb1 c5 11. Re1 Bf8 12. Bf1 Nb8 13.
dxc5 Bxc5 14. b4 Bf8 15. b5 Qa5 16. Qd4 Nbd7 17. Be5 Nxe5 18. Nxe5 Nd7 19. f4
Bc5 20. Qd3 Nxe5 21. fxe5 Bd7 22. Rb3 axb5 23. axb5 Qc7 24. Re2 Qxe5 25. Kh1
Qg3 26. e4 Qxd3 27. cxd3 Ra1 28. Rb1 Rxb1 29. Nxb1 Bxb5 30. Rb2 Bc6 31. Nd2 Ra8
32. Nb3 Bd6 33. Nd2 Ra1 34. g4 dxe4 35. dxe4 Be5 36. Rc2 Rxf1+ 0-1

[Event "TIPC 2006"]
[Site "Charleroi BEL"]
[Date "2006.07.31"]
[Round "3"]
[White "Marchiano, Marco"]
[Black "Lhost, Geoffrey"]
[Result "1/2-1/2"]
[ECO "C28"]
[WhiteElo "1663"]
[BlackElo "1966"]
[PlyCount "70"]
[TimeControl "40/7200:3600"]

1. e4 e5 2. Bc4 Nf6 3. d3 Nc6 4. Nc3 Bb4 5. Nge2 d6
6. a3 Ba5 7. Bg5 h6 8. Bxf6 Qxf6 9. O-O O-O 10. Nd5 Qd8 11. b4 Bb6 12. Nxb6
axb6 13. f4 Bg4 14. h3 Bxe2 15. Qxe2 b5 16. Bb3 Nd4 17. Qh5 Nxb3 18. cxb3 Qe7
19. f5 Qf6 20. h4 Kh7 21. g4 g5 22. hxg5 Qxg5 23. Qxg5 hxg5 24. Kg2 Kg7 25. Rh1
Rh8 26. Rxh8 Rxh8 27. a4 Ra8 28. a5 Ra6 29. Rc1 c6 30. Kf3 Ra8 31. Ra1 Kf6 32.
Rh1 c5 33. bxc5 dxc5 34. Rc1 Rc8 35. b4 c4 1/2-1/2

[Event "TIPC 2006"]
[Site "Charleroi BEL"]
[Date "2006.07.31"]
[Round "3"]
[White "Kadimova, Ilaha"]
[Black "Ackaert, Thierry"]
[Result "1-0"]
[ECO "A40"]
[WhiteElo "2330"]
[BlackElo "2134"]
[PlyCount "61"]
[TimeControl "40/7200:3600"]

1. d4 b5 2. e4 Bb7 3. Nd2 a6 4. c3 e6 5. a4 c5 6.
axb5 cxd4 7. cxd4 Nf6 8. e5 Nd5 9. Ngf3 Bb4 10. bxa6 Nxa6 11. Bc4 g5 12. O-O
Nf4 13. Ne1 Nc7 14. Ra4 Be7 15. f3 Bc6 16. Rxa8 Qxa8 17. Nd3 Nxg2 18. Kxg2 g4
19. Kf2 Bh4+ 20. Ke3 Rg8 21. Ne4 Bxe4 22. fxe4 h5 23. Nf4 f5 24. exf6 Bxf6 25.
Nxh5 Bg5+ 26. Kd3 d5 27. exd5 Nxd5 28. Qxg4 Nb4+ 29. Ke2 Qc6 30. Qxe6+ Qxe6+
31. Bxe6 1-0

[Event "TIPC 2006"]
[Site "Charleroi BEL"]
[Date "2006.07.31"]
[Round "3"]
[White "Camus, Béranger"]
[Black "Foisor, Sabina-Francesca"]
[Result "1/2-1/2"]
[ECO "E11"]
[WhiteElo "2135"]
[BlackElo "2292"]
[PlyCount "125"]
[TimeControl "40/7200:3600"]

1. d4 Nf6 2. c4 e6 3. Nf3 Bb4+ 4. Bd2 Qe7 5. g3 O-O
6. Bg2 Bxd2+ 7. Nbxd2 d6 8. O-O e5 9. Qb3 c5 10. e3 Nc6 11. Rfe1 h6 12. d5 Nb4
13. a3 Na6 14. e4 Rb8 15. Qd3 Bd7 16. Nh4 g6 17. Qe3 Kh7 18. Bf1 Nh5 19. Be2
Ng7 20. Ng2 f5 21. Bd3 Qf6 22. f4 Rbe8 23. fxe5 Qxe5 24. exf5 gxf5 25. Rab1
Qxe3+ 26. Rxe3 Kg8 27. Rbe1 Nc7 28. Nf4 Rxe3 29. Rxe3 Re8 30. Kf2 Kf7 31. Nf3
a6 32. h3 b5 33. Rxe8 Bxe8 34. b3 Kf6 35. Nh4 Na8 36. Ne6 Nxe6 37. dxe6 Kxe6
38. Nxf5 Ke5 39. Ke3 bxc4 40. bxc4 h5 41. Ne7 Nb6 42. g4 hxg4 43. hxg4 Bf7 44.
Nc6+ Kf6 45. Na5 Kg5 46. Be2 Be6 47. Nb7 Bxg4 48. Nxd6 Bxe2 49. Kxe2 Kf4 50.
Kd3 Nd7 51. Nb7 Kf3 52. Nxc5 Nxc5+ 53. Kd4 Nd7 54. c5 Ke2 55. c6 Nb6 56. c7 Kd2
57. Kc5 Nc8 58. Kc6 a5 59. Kb5 Kc3 60. Kxa5 Kc4 61. Ka6 Kb3 62. Kb7 Nd6+ 63.
Kb8 1/2-1/2

[Event "TIPC 2006"]
[Site "Charleroi BEL"]
[Date "2006.07.31"]
[Round "3"]
[White "Hoffmeister, Frank"]
[Black "Both, Erik"]
[Result "0-1"]
[ECO "B06"]
[WhiteElo "2114"]
[BlackElo "2286"]
[PlyCount "120"]
[TimeControl "40/7200:3600"]

1. e4 g6 2. d4 Bg7 3. Nc3 d6 4. Be2 a6 5. a4 b6 6.
h4 h5 7. Nf3 Nd7 8. Ng5 e6 9. Be3 Qe7 10. O-O Ngf6 11. Qd3 Bb7 12. Rae1 Ng4 13.
Bc1 c5 14. d5 Bd4 15. Nd1 O-O-O 16. c3 Bf6 17. dxe6 fxe6 18. Qh3 Rde8 19. Bxg4
hxg4 20. Qxg4 Ne5 21. Qh3 c4 22. f4 Nd3 23. Nf2 Nxe1 24. Rxe1 Bc6 25. a5 bxa5
26. e5 Bxg5 27. fxg5 Qh7 28. exd6 Qxh4 29. Qxh4 Rxh4 30. g3 Rh7 31. Bf4 Rb7 32.
Re2 a4 33. Be5 Rb3 34. Rd2 a3 35. bxa3 Rxa3 36. Ng4 Ra1+ 37. Kf2 a5 38. Ke3 Rb1
39. Kd4 Rf8 40. Nf6 Rb5 41. Re2 a4 42. Kxc4 a3 43. Kd4 Ra5 44. Ra2 Rf7 45. d7+
Bxd7 46. Bd6 e5+ 47. Ke3 Bc6 48. Rxa3 Rxa3 49. Bxa3 Kc7 50. c4 Bh1 51. Bb4 Kc6
52. Ba3 Rb7 53. Bf8 Rb3+ 54. Kf2 e4 55. g4 Bf3 56. Be7 Rb2+ 57. Ke3 Re2+ 58.
Kf4 Rc2 59. Nxe4 Bxe4 60. Kxe4 Re2+ 0-1

[Event "TIPC 2006"]
[Site "Charleroi BEL"]
[Date "2006.07.31"]
[Round "3"]
[White "Scoriels, Michael"]
[Black "Vandevoort, Pascal"]
[Result "0-1"]
[ECO "C47"]
[WhiteElo "2131"]
[BlackElo "2388"]
[PlyCount "78"]
[TimeControl "40/7200:3600"]

1. e4 e5 2. Nf3 Nc6 3. d4 exd4 4. Nxd4 Nf6 5. Nc3
Bb4 6. Nxc6 bxc6 7. Bd3 d5 8. exd5 Qe7+ 9. Qe2 Qxe2+ 10. Kxe2 Nxd5 11. Nxd5
cxd5 12. Bb5+ Ke7 13. c3 Bc5 14. Re1 Be6 15. b4 Bb6 16. Be3 Rhd8 17. Red1 Bxe3
18. Kxe3 Kd6 19. Rd2 c6 20. Ba6 Re8 21. Kf4 f6 22. c4 Bf7 23. cxd5 cxd5 24. f3
g5+ 25. Kg3 f5 26. Rad1 Rab8 27. a3 h6 28. Bc4 Re5 29. Rd3 Rbe8 30. Bb3 f4+ 31.
Kf2 h5 32. R1d2 g4 33. Rd4 Rf5 34. Bc2 Rf6 35. Bb3 Re5 36. a4 Rg5 37. a5 Be6
38. Rd1 gxf3 39. gxf3 h4 0-1

[Event "TIPC 2006"]
[Site "Charleroi BEL"]
[Date "2006.07.31"]
[Round "3"]
[White "Denayer, Eric"]
[Black "Dal Borgo, Albin"]
[Result "1/2-1/2"]
[ECO "A12"]
[WhiteElo "2279"]
[BlackElo "2128"]
[PlyCount "46"]
[TimeControl "40/7200:3600"]

1. Nf3 Nf6 2. c4 c6 3. b3 d5 4. e3 e6 5. Bb2 Nbd7 6. cxd5 exd5 7. Be2 Bd6 8. d3
O-O 9. Nbd2 Re8 10. O-O c5 11. Re1 b6 12. Nf1 Bb7 13. Ng3 Rc8 14. Rc1 Bb8 15.
Rc2 Ng4 16. Bf1 Re6 17. d4 Rh6 18. h3 Bxg3 19. fxg3 Ngf6 20. Bd3 Ne4 21. Bxe4
dxe4 22. Ne5 Nxe5 23. dxe5 Ba6 1/2-1/2

[Event "TIPC 2006"]
[Site "Charleroi BEL"]
[Date "2006.07.31"]
[Round "3"]
[White "Maes, Wim"]
[Black "Giadrosic, Dinko"]
[Result "1-0"]
[ECO "B07"]
[WhiteElo "2287"]
[BlackElo "2059"]
[PlyCount "67"]
[TimeControl "40/7200:3600"]

1. e4 d6 2. d4 e5 3. Be3 c6 4. Nc3 Be7 5. Qd2 Nf6 6. f3 b5 7. g4 h6 8. O-O-O b4
9. Nce2 Be6 10. Kb1 Qa5 11. Nc1 exd4 12. Bxd4 c5 13. Be3 Nc6 14. Qg2 Qb6 15. h4
a5 16. Nh3 a4 17. Nf4 b3 18. cxb3 axb3 19. a3 Nd7 20. g5 hxg5 21. Nxe6 fxe6 22.
hxg5 Rxh1 23. Qxh1 Nd4 24. Qh8+ Bf8 25. Qg8 e5 26. Bc4 Rb8 27. g6 Kd8 28. Qf7
Kc7 29. Rd3 Qc6 30. Nxb3 Nxb3 31. Rxb3 Rxb3 32. Bxb3 Qb5 33. Bc4 Qa5 34. Be6
1-0

[Event "TIPC 2006"]
[Site "Charleroi BEL"]
[Date "2006.07.31"]
[Round "3"]
[White "Van Mechelen, Jan"]
[Black "Marville, Grégoire"]
[Result "1/2-1/2"]
[ECO "D00"]
[WhiteElo "2251"]
[BlackElo "1975"]
[PlyCount "41"]
[TimeControl "40/7200:3600"]

1. d4 d5 2. Bf4 Nf6 3. Nd2 Bf5 4. e3 e6 5. Bd3 Bg6 6. Ngf3 Nbd7 7. Ne5 Nxe5 8.
dxe5 Nh5 9. Bg3 Nxg3 10. hxg3 Bxd3 11. cxd3 c6 12. O-O Be7 13. Qg4 O-O 14. Nf3
c5 15. Qh3 Qb6 16. b3 Rac8 17. g4 c4 18. bxc4 dxc4 19. dxc4 Rxc4 20. g5 Rfc8
21. Rfd1 1/2-1/2

[Event "TIPC 2006"]
[Site "Charleroi BEL"]
[Date "2006.07.31"]
[Round "3"]
[White "Werner, Guy"]
[Black "Foisor, Mihaela-Veronica"]
[Result "0-1"]
[ECO "A03"]
[WhiteElo "1793"]
[BlackElo "2005"]
[PlyCount "110"]
[TimeControl "40/7200:3600"]

1. f4 d5 2. Nf3 c5 3. g3 Nc6 4. Bg2 e6 5. O-O Bd6 6. d3 Nge7 7. Nc3 O-O 8. Kh1
a6 9. a4 Rb8 10. e4 d4 11. Ne2 f5 12. e5 Bc7 13. c3 b5 14. axb5 axb5 15. cxd4
cxd4 16. Bd2 Bb6 17. Qb3 Qd5 18. Nfxd4 Nxd4 19. Qb4 Qd7 20. Nxd4 Bxd4 21. Qd6
Qxd6 22. exd6 Nd5 23. Bxd5 exd5 24. Bb4 Bd7 25. Rfe1 Rfe8 26. Re7 Rxe7 27. dxe7
Kf7 28. Bd6 Rb6 29. Bc7 Re6 30. Bd8 Bc5 31. Ra8 Bxe7 32. Bc7 Bc6 33. Ra1 Re2
34. Be5 Bc5 35. d4 Bb6 36. b4 Bd8 37. Rc1 Bd7 38. Rc5 Ke6 39. Bxg7 Re1+ 40. Kg2
Re2+ 41. Kh3 Rb2 42. Bf8 Bb6 43. Rc1 Bxd4 44. Ra1 Kf7 45. Bd6 Be6 46. Rc1 Bb6
47. Ra1 d4 48. Ra6 d3 49. Rxb6 d2 50. Rb7+ Ke8 51. Be5 d1=Q 52. Rb8+ Ke7 53.
Rb7+ Bd7 54. Bxb2 Qh5+ 55. Kg2 Qe2+ 0-1

[Event "TIPC 2006"]
[Site "Charleroi BEL"]
[Date "2006.07.31"]
[Round "3"]
[White "Moga, Christoph"]
[Black "Lui, Eric"]
[Result "0-1"]
[ECO "B80"]
[WhiteElo "1784"]
[BlackElo "2003"]
[PlyCount "62"]
[TimeControl "40/7200:3600"]

1. e4 c5 2. Nf3 d6 3. d4 cxd4 4. Nxd4 Nf6 5. Nc3 a6 6. Be3 e6 7. f3 Qc7 8. Qd2
Be7 9. O-O-O O-O 10. g4 Nfd7 11. f4 Nc6 12. Kb1 b5 13. f5 b4 14. Na4 Nxd4 15.
Bxd4 Nc5 16. Nxc5 dxc5 17. Be3 Rd8 18. Qe2 Rxd1+ 19. Qxd1 Bb7 20. Bg2 exf5 21.
gxf5 Qe5 22. Qg4 Bf6 23. Bc1 a5 24. h3 Re8 25. Re1 c4 26. Qe2 Rc8 27. Rf1 a4
28. Rd1 a3 29. Rf1 axb2 30. Bf4 Qa5 31. Rd1 Qxa2+ 0-1